[Event "Rated Blitz game"]
[Site "?"]
[Date "2021.09.28"]
[Round "?"]
[White "Noel_Jar68"]
[Black "geneh59"]
[Result "1-0"]
[ECO "C42"]
[WhiteElo "2249"]
[BlackElo "2427"]
[PlyCount "57"]
[EventDate "2021.??.??"]
[EventType "blitz"]
[TimeControl "300"]

1. e4 e5 2. Nf3 Nf6 3. Nxe5 d6 4. Nxf7 Kxf7 5. Bc4+ Be6 6. Bxe6+ Kxe6 7. Nc3 c6
8. d4 Kd7 9. O-O Kc7 10. f4 Nbd7 11. e5 Nd5 12. Ne4 g6 13. c4 N5b6 14. exd6+
Kb8 15. c5 Nd5 16. Bd2 Bg7 17. Bc3 Re8 18. Ng5 h6 19. Nf7 Qf6 20. Ne5 Rd8 21.
Qg4 Nf8 22. Rae1 Nxc3 23. bxc3 a6 24. Qf3 Rc8 25. Rb1 Ka7 26. Rxb7+ Kxb7 27.
Rb1+ Ka7 28. Nxc6+ Rxc6 29. Qxc6 {Normal} 1-0

[Event "Rated Blitz game"]
[Site "?"]
[Date "2021.09.28"]
[Round "?"]
[White "Leherzahn"]
[Black "fallawneco"]
[Result "1-0"]
[ECO "C42"]
[WhiteElo "2336"]
[BlackElo "2413"]
[PlyCount "31"]
[EventDate "2021.??.??"]
[EventType "blitz"]
[TimeControl "180"]

1. e4 e5 2. Nf3 Nf6 3. Nxe5 d6 4. Nxf7 Kxf7 5. Nc3 Be6 6. d4 d5 7. e5 Ne8 8. f4
g6 9. Bd3 Bb4 10. O-O Nc6 11. f5 gxf5 12. Bxf5 Ng7 13. Bxe6+ Kxe6 14. Qg4+ Ke7
15. Qxg7+ Ke6 16. Qf7# {Normal} 1-0

[Event "Rated Blitz game"]
[Site "?"]
[Date "2021.09.28"]
[Round "?"]
[White "ChessHobbits99"]
[Black "Gutemaus2019"]
[Result "0-1"]
[ECO "C42"]
[WhiteElo "2625"]
[BlackElo "2724"]
[PlyCount "92"]
[EventDate "2021.??.??"]
[EventType "blitz"]
[TimeControl "180"]

1. e4 e5 2. Nf3 Nf6 3. Nxe5 d6 4. Nxf7 Kxf7 5. Bc4+ Be6 6. Bxe6+ Kxe6 7. O-O
Kf7 8. d4 c5 9. dxc5 Nc6 10. cxd6 Bxd6 11. Nc3 Re8 12. Bg5 h6 13. Bxf6 Qxf6 14.
f4 Rad8 15. Qh5+ Kg8 16. e5 Bc5+ 17. Kh1 Qf7 18. Qh3 Nd4 19. Ne4 Bf8 20. c3 Qf5
21. Qxf5 Nxf5 22. Rae1 Rd3 23. g4 Nh4 24. Re2 Red8 25. f5 Rd1 26. Kg1 h5 27. h3
R1d3 28. Kh2 Nf3+ 29. Kg2 Nxe5 30. Nf2 R3d5 31. Rfe1 Nd3 32. Nxd3 Rxd3 33. a4
Kf7 34. g5 Rd2 35. Kf3 R8d3+ 36. Ke4 Rxe2+ 37. Rxe2 Rxh3 38. Ke5 Rh4 39. g6+
Ke7 40. f6+ gxf6+ 41. Kf5+ Kd7 42. Kxf6 Rxa4 43. Rd2+ Kc7 44. g7 Rf4+ 45. Kg5
Bxg7 46. Kxf4 Bh6+ {Normal} 0-1

[Event "Rated Blitz game"]
[Site "?"]
[Date "2021.09.28"]
[Round "?"]
[White "tatamaco"]
[Black "Mindworm"]
[Result "1-0"]
[ECO "C42"]
[WhiteElo "2401"]
[BlackElo "2381"]
[PlyCount "69"]
[EventDate "2021.??.??"]
[EventType "blitz"]
[TimeControl "180+2"]

1. e4 e5 2. Nf3 Nf6 3. Nxe5 d6 4. Nxf7 Kxf7 5. d4 c5 6. dxc5 d5 7. e5 Ne4 8.
Qf3+ Kg8 9. Qxe4 Bxc5 10. Qf4 Nc6 11. Nd2 Qe7 12. Nf3 Nb4 13. Bd3 Bd7 14. O-O
Rf8 15. Qg3 Nxd3 16. cxd3 h5 17. h4 Bg4 18. Ng5 Bd4 19. Be3 Bxe5 20. f4 Bxb2
21. Rae1 Qa3 22. f5 Rh6 23. Qc7 Rhf6 24. Bc5 Qxa2 25. Bxf8 Rxf8 26. Qxb7 Bd4+
27. Kh1 Qc2 28. Re7 Qxd3 29. Qxd5+ Kh8 30. Ree1 Qc3 31. Qd6 Rc8 32. Qg6 Kg8 33.
f6 Bxf6 34. Re8+ Rxe8 35. Qxe8# {Normal} 1-0

[Event "Rated Blitz game"]
[Site "?"]
[Date "2021.09.28"]
[Round "?"]
[White "Ute-Manfred"]
[Black "buddaaaa"]
[Result "1-0"]
[ECO "C42"]
[WhiteElo "2581"]
[BlackElo "2502"]
[PlyCount "55"]
[EventDate "2021.??.??"]
[EventType "blitz"]
[TimeControl "180"]

1. e4 e5 2. Nf3 Nf6 3. Nxe5 d6 4. Nxf7 Kxf7 5. Nc3 Be7 6. Bc4+ d5 7. Nxd5 Nxd5
8. Bxd5+ Kf8 9. Qf3+ Bf6 10. O-O c6 11. Bb3 h5 12. h3 Qd6 13. Re1 Bg4 14. hxg4
hxg4 15. Qxg4 Nd7 16. d4 Qh2+ 17. Kf1 Re8 18. Qxd7 Qh1+ 19. Ke2 Rxe4+ 20. Be3
Rxe3+ 21. fxe3 Qxg2+ 22. Kd3 Qg6+ 23. Kc3 Rh2 24. Rg1 Qh5 25. Raf1 Qa5+ 26. Kd3
Qd2+ 27. Ke4 Rh4+ 28. Rf4 {Normal} 1-0

[Event "Rated Blitz game"]
[Site "?"]
[Date "2021.09.27"]
[Round "?"]
[White "GoughPhar"]
[Black "Konevoyazher"]
[Result "1-0"]
[ECO "C42"]
[WhiteElo "2472"]
[BlackElo "2317"]
[PlyCount "95"]
[EventDate "2021.??.??"]
[EventType "blitz"]
[TimeControl "180"]

1. e4 e5 2. Nf3 Nf6 3. Nxe5 d6 4. Nxf7 Kxf7 5. Bc4+ d5 6. exd5 Bd6 7. O-O Re8
8. d4 Bf5 9. Nc3 Nbd7 10. Bg5 Kg8 11. Re1 Nb6 12. Bb3 Rxe1+ 13. Qxe1 Qd7 14.
Bxf6 gxf6 15. Ne4 Bxe4 16. Qxe4 Re8 17. Qh4 Qg7 18. c4 Qg5 19. Qxg5+ fxg5 20.
c5 Nd7 21. cxd6 cxd6 22. Kf1 Nf6 23. Re1 Rxe1+ 24. Kxe1 Kf7 25. Ke2 b6 26. Bc4
Ng4 27. f3 Nh6 28. g4 Kf6 29. Bd3 Kg7 30. h3 Ng8 31. Ke3 Ne7 32. f4 h6 33. Be4
Kf6 34. f5 Nc8 35. Kd3 b5 36. Kc3 a5 37. Bd3 Nb6 38. Bxb5 Nxd5+ 39. Kb3 Nf4 40.
Bf1 Nd5 41. Ka4 Ne3 42. Bd3 Nd1 43. b3 Nc3+ 44. Kxa5 Nxa2 45. b4 Nc3 46. b5 Nd5
47. b6 Nxb6 48. Kxb6 {Normal} 1-0

[Event "Rated Blitz tournament GGCihSNH"]
[Site "?"]
[Date "2021.09.27"]
[Round "?"]
[White "JaqueViteh"]
[Black "tutunuz"]
[Result "1-0"]
[ECO "C42"]
[WhiteElo "2442"]
[BlackElo "2215"]
[PlyCount "67"]
[EventDate "2021.??.??"]
[EventType "blitz"]
[TimeControl "180+2"]

1. e4 e5 2. Nf3 Nf6 3. Nxe5 d6 4. Nxf7 Kxf7 5. d4 c5 6. Bc4+ d5 7. exd5 Bd6 8.
dxc5 Bxc5 9. O-O Bd6 10. h3 Re8 11. Nd2 Nbd7 12. Nf3 Ne5 13. Bb3 Kg8 14. c4 b6
15. Bg5 h6 16. Bh4 Bf5 17. Nd4 Bd7 18. Re1 Ng6 19. Rxe8+ Bxe8 20. Ne6 Qe7 21.
Bg3 Bxg3 22. fxg3 Qd6 23. Qf3 Ne5 24. Qc3 Ne4 25. Qe3 Bg6 26. Re1 Rc8 27. Nf4
Nc5 28. Qxe5 Qxe5 29. Rxe5 Bb1 30. Ne6 Nd3 31. Re3 Nxb2 32. d6 Nxc4 33. Bxc4
Rxc4 34. d7 {Normal} 1-0

[Event "Rated Blitz game"]
[Site "?"]
[Date "2021.09.27"]
[Round "?"]
[White "mared2"]
[Black "Eliasib"]
[Result "0-1"]
[ECO "C42"]
[WhiteElo "2453"]
[BlackElo "2300"]
[PlyCount "90"]
[EventDate "2021.??.??"]
[EventType "blitz"]
[TimeControl "180"]

1. e4 e5 2. Nf3 Nf6 3. Nxe5 d6 4. Nxf7 Kxf7 5. d4 c5 6. dxc5 d5 7. Nc3 Bxc5 8.
e5 Ne4 9. Be3 Bxe3 10. Qf3+ Kg8 11. Qxe3 Nxc3 12. Qxc3 Nc6 13. O-O-O Be6 14. f4
g6 15. Be2 Qa5 16. Qb3 Qb4 17. Qxb4 Nxb4 18. a3 Nc6 19. Bf3 Rd8 20. Rd2 Kf7 21.
Rhd1 Ne7 22. h3 h5 23. Kb1 Rd7 24. c4 Rhd8 25. cxd5 Bxd5 26. Ka1 Bc6 27. Rxd7
Rxd7 28. Rxd7 Bxd7 29. Bxb7 Bc6 30. Bxc6 Nxc6 31. b4 Nd4 32. g4 h4 33. Kb2 Ne2
34. f5 Ng1 35. e6+ Kf6 36. a4 Nxh3 37. b5 gxf5 38. gxf5 Nf4 39. a5 Nd5 40. Kb3
h3 41. Kc4 Ne7 42. b6 axb6 43. a6 h2 44. a7 h1=Q 45. Kb5 Qb7 {Normal} 0-1

[Event "Rated Blitz game"]
[Site "?"]
[Date "2021.09.27"]
[Round "?"]
[White "Udar59"]
[Black "Kontradmiral"]
[Result "1-0"]
[ECO "C42"]
[WhiteElo "2443"]
[BlackElo "2344"]
[PlyCount "77"]
[EventDate "2021.??.??"]
[EventType "blitz"]
[TimeControl "180+2"]

1. e4 e5 2. Nf3 Nf6 3. Nxe5 d6 4. Nxf7 Kxf7 5. d4 c5 6. d5 Nxe4 7. Bd3 Nf6 8.
O-O Be7 9. Nd2 Re8 10. h3 Nbd7 11. Nf3 Kg8 12. c4 Bf8 13. Ng5 Ne5 14. Be2 h6
15. Nf3 Nxf3+ 16. Bxf3 Bf5 17. b3 Qd7 18. Bb2 Be7 19. Re1 Nh7 20. g4 Bg6 21.
Bg2 Bf6 22. Qd2 Bxb2 23. Qxb2 Rxe1+ 24. Rxe1 Re8 25. Rxe8+ Qxe8 26. Qa3 a6 27.
Qa5 Qd7 28. f4 Bb1 29. b4 cxb4 30. Qxb4 Bxa2 31. c5 dxc5 32. Qxc5 Nf8 33. d6
Be6 34. f5 Bf7 35. Qc7 Be8 36. Bxb7 a5 37. Bd5+ Bf7 38. Bc6 Ne6 39. Qxd7 {
Normal} 1-0

[Event "Rated Blitz game"]
[Site "?"]
[Date "2021.09.27"]
[Round "?"]
[White "akatisuki"]
[Black "Matze96"]
[Result "1-0"]
[ECO "C42"]
[WhiteElo "2434"]
[BlackElo "2426"]
[PlyCount "65"]
[EventDate "2021.??.??"]
[EventType "blitz"]
[TimeControl "180+2"]

1. e4 e5 2. Nf3 Nf6 3. Nxe5 d6 4. Nxf7 Kxf7 5. d4 c5 6. Bc4+ Be6 7. d5 Bg4 8.
f3 Bc8 9. O-O Nbd7 10. Nc3 Be7 11. f4 Nb6 12. Be2 h5 13. e5 Ng4 14. e6+ Kg8 15.
Bxg4 hxg4 16. Qxg4 Qf8 17. f5 Qf6 18. Bf4 a6 19. Qg3 Nc4 20. b3 Qd4+ 21. Kh1
Ne5 22. Rad1 Qb4 23. Bxe5 dxe5 24. f6 Bf8 25. f7+ Kh7 26. Qh3+ Kg6 27. Qf5+ Kh6
28. Ne4 Be7 29. Rf3 g5 30. Rh3+ Kg7 31. Rxh8 Kxh8 32. Nxg5 Bxg5 33. f8=Q# {
Normal} 1-0

[Event "Rated Blitz game"]
[Site "?"]
[Date "2021.09.27"]
[Round "?"]
[White "MoveAndThink"]
[Black "baemoth"]
[Result "1/2-1/2"]
[ECO "C42"]
[WhiteElo "2398"]
[BlackElo "2400"]
[PlyCount "116"]
[EventDate "2021.??.??"]
[EventType "blitz"]
[TimeControl "180"]

1. e4 e5 2. Nf3 Nf6 3. Nxe5 d6 4. Nxf7 Kxf7 5. Bc4+ d5 6. exd5 Qe8+ 7. Be2 Bd6
8. O-O Rf8 9. c4 Nbd7 10. d4 b6 11. Re1 Qd8 12. Nc3 Re8 13. Bg5 Ba6 14. Bd3
Rxe1+ 15. Qxe1 Kg8 16. Qe6+ Kh8 17. Re1 Qe8 18. Qxe8+ Rxe8 19. Rxe8+ Nxe8 20.
b3 Nef6 21. h3 Bb4 22. Ne4 Nxd5 23. Kf1 N5f6 24. Ke2 Nxe4 25. Bxe4 Nf6 26. Bd3
Bd6 27. Ke3 Bb7 28. g4 h6 29. Bf4 g5 30. Bxd6 cxd6 31. f4 Kg7 32. a4 Bg2 33.
fxg5 hxg5 34. b4 Bxh3 35. c5 dxc5 36. dxc5 bxc5 37. bxc5 Bxg4 38. c6 Bc8 39.
Kd4 g4 40. Ke5 g3 41. Bf1 Kf7 42. Kd6 Ne8+ 43. Kc5 Ke7 44. Bg2 Nf6 45. Kd4 Kd6
46. Ke3 Ke5 47. Kf3 Nh5 48. a5 Kd6 49. Ke3 Bg4 50. Bh1 Bh3 51. Kd4 g2 52. Bxg2
Bxg2 53. Kc4 Bxc6 54. Kb4 Nf6 55. a6 Nd5+ 56. Ka5 Nc7 57. Kb4 Kd5 58. Ka5 Kc5 {
Normal} 1/2-1/2

[Event "Rated Blitz tournament pOdpn39s"]
[Site "?"]
[Date "2021.09.26"]
[Round "?"]
[White "Donkey006"]
[Black "tumedikitoalegre"]
[Result "0-1"]
[ECO "C42"]
[WhiteElo "2609"]
[BlackElo "2510"]
[PlyCount "119"]
[EventDate "2021.??.??"]
[EventType "blitz"]
[TimeControl "180+2"]

1. e4 e5 2. Nf3 Nf6 3. Nxe5 d6 4. Nxf7 Kxf7 5. Bc4+ d5 6. Bb3 Nc6 7. Nc3 Nd4 8.
Bxd5+ Nxd5 9. Nxd5 c6 10. Ne3 Be7 11. O-O Rf8 12. f4 Kg8 13. c3 Ne6 14. g3 Qd3
15. e5 Nc5 16. Qf3 Bf5 17. Nxf5 Qxf5 18. d4 Ne6 19. g4 Qc2 20. Qg3 Kh8 21. f5
Ng5 22. f6 gxf6 23. exf6 Ne4 24. Qg2 Qxg2+ 25. Kxg2 Rxf6 26. Bf4 Re6 27. Rae1
Kg8 28. Be5 Nf6 29. h3 Nd7 30. Bg3 Rxe1 31. Rxe1 Re8 32. Bf4 Kf7 33. Kf3 Nb6
34. b3 Nd5 35. Bd2 Bf6 36. Rf1 c5 37. c4 Nc7 38. d5 Ke7 39. Bf4 Kd7 40. g5 Be5
41. Kg4 Bxf4 42. Rxf4 b5 43. Rf7+ Re7 44. Rxe7+ Kxe7 45. Kf5 bxc4 46. bxc4 Ne8
47. Ke4 Nd6+ 48. Kd3 Kf7 49. h4 Kg6 50. Ke3 Kh5 51. Kf4 Kxh4 52. Ke5 Nxc4+ 53.
Kf6 Kg4 54. g6 hxg6 55. Kxg6 Kf4 56. Kf6 Ke4 57. Ke6 Ne5 58. d6 c4 59. d7 Nxd7
60. Kxd7 {Normal} 0-1

[Event "Rated Blitz tournament kIlWUG0j"]
[Site "?"]
[Date "2021.09.26"]
[Round "?"]
[White "VICTOR-URSS"]
[Black "PETRO-PETRO"]
[Result "1-0"]
[ECO "C42"]
[WhiteElo "2587"]
[BlackElo "2637"]
[PlyCount "131"]
[EventDate "2021.??.??"]
[EventType "blitz"]
[TimeControl "180"]

1. e4 e5 2. Nf3 Nf6 3. Nxe5 d6 4. Nxf7 Kxf7 5. d4 Be7 6. Nc3 Re8 7. Bc4+ Kf8 8.
O-O c6 9. Qf3 Nbd7 10. Bg5 a5 11. a4 h6 12. Bh4 g5 13. Bg3 Kg7 14. e5 Rf8 15.
exf6+ Nxf6 16. Rae1 d5 17. Bd3 Bd6 18. Be5 Bxe5 19. dxe5 Ne4 20. Qe3 Nxc3 21.
bxc3 Be6 22. h4 Qe7 23. hxg5 hxg5 24. f4 gxf4 25. Rxf4 Rxf4 26. Qxf4 Rf8 27.
Qg3+ Kh8 28. Re3 Rf7 29. Qh2+ Kg8 30. Rg3+ Rg7 31. Qh7+ Kf8 32. Qh6 Bg8 33. e6
Qc5+ 34. Kh2 Qe7 35. Rg6 Qd6+ 36. Kh1 Qe7 37. Qf4+ Bf7 38. Rxg7 Kxg7 39. Qxf7+
Qxf7 40. exf7 Kxf7 41. Kg1 Ke6 42. c4 Kd6 43. cxd5 b5 44. Kf2 bxa4 45. dxc6
Kxc6 46. Bc4 Kc5 47. Bf7 Kd4 48. g4 Kc3 49. Kg3 a3 50. g5 Kxc2 51. g6 a4 52. g7
a2 53. Bxa2 Kb2 54. Bf7 a3 55. g8=Q Kc3 56. Ba2 Kb2 57. Qb3+ Kc1 58. Qxa3+ Kd2
59. Be6 Kc2 60. Kf4 Kd2 61. Ke4 Kc2 62. Kd4 Kd1 63. Qh3 Ke1 64. Qh2 Kf1 65. Kd3
Ke1 66. Qe2# {Normal} 1-0

[Event "Rated Blitz game"]
[Site "?"]
[Date "2021.09.26"]
[Round "?"]
[White "popina123"]
[Black "Fidel0829"]
[Result "1-0"]
[ECO "C42"]
[WhiteElo "2513"]
[BlackElo "2324"]
[PlyCount "53"]
[EventDate "2021.??.??"]
[EventType "blitz"]
[TimeControl "300"]

1. e4 e5 2. Nf3 Nf6 3. Nxe5 d6 4. Nxf7 Kxf7 5. Nc3 Be6 6. d4 c6 7. f4 d5 8. f5
Bd7 9. e5 Bxf5 10. exf6 Qxf6 11. Bd3 Bxd3 12. Qxd3 Bd6 13. Rf1 Re8+ 14. Ne2 Nd7
15. Rxf6+ Nxf6 16. Bd2 Re4 17. O-O-O Rae8 18. Ng3 Bxg3 19. hxg3 Re2 20. Qf3
R8e4 21. Bg5 a5 22. Rf1 Re6 23. Bxf6 gxf6 24. Qh5+ Ke7 25. Qxh7+ Kd6 26. Qh8
Rxg2 27. Qd8# {Normal} 1-0

[Event "Rated Blitz game"]
[Site "?"]
[Date "2021.09.26"]
[Round "?"]
[White "albacete"]
[Black "Goldi70"]
[Result "0-1"]
[ECO "C42"]
[WhiteElo "2402"]
[BlackElo "2393"]
[PlyCount "30"]
[EventDate "2021.??.??"]
[EventType "blitz"]
[TimeControl "180"]

1. e4 e5 2. Nf3 Nf6 3. Nxe5 d6 4. Nxf7 Kxf7 5. d4 c5 6. Bc4+ Be6 7. Bxe6+ Kxe6
8. d5+ Kd7 9. O-O Kc7 10. Nc3 Nbd7 11. f4 g6 12. e5 Nh5 13. g4 Ng7 14. e6 Nf6
15. f5 a6 {Time forfeit} 0-1

[Event "Rated Blitz tournament kIlWUG0j"]
[Site "?"]
[Date "2021.09.26"]
[Round "?"]
[White "VICTOR-URSS"]
[Black "gmcarlosaobregon"]
[Result "0-1"]
[ECO "C42"]
[WhiteElo "2599"]
[BlackElo "2820"]
[PlyCount "49"]
[EventDate "2021.??.??"]
[EventType "blitz"]
[TimeControl "180"]

1. e4 e5 2. Nf3 Nf6 3. Nxe5 d6 4. Nxf7 Kxf7 5. d4 Nc6 6. Nc3 g6 7. Bc4+ Kg7 8.
O-O Nxe4 9. Nxe4 d5 10. Bg5 Be7 11. Bxe7 Nxe7 12. Bd3 dxe4 13. Bxe4 c6 14. c4
Bf5 15. Bf3 Qd6 16. Qb3 Rab8 17. Rad1 Rhe8 18. Rfe1 b6 19. Qc3 Qf6 20. Re5 Bd7
21. Rde1 Nf5 22. d5 Rxe5 23. Rxe5 c5 24. Bg4 Re8 25. Bxf5 {Normal} 0-1

[Event "Rated Blitz tournament pOdpn39s"]
[Site "?"]
[Date "2021.09.26"]
[Round "?"]
[White "Donkey006"]
[Black "tumedikitoalegre"]
[Result "0-1"]
[ECO "C42"]
[WhiteElo "2603"]
[BlackElo "2523"]
[PlyCount "64"]
[EventDate "2021.??.??"]
[EventType "blitz"]
[TimeControl "180+2"]

1. e4 e5 2. Nf3 Nf6 3. Nxe5 d6 4. Nxf7 Kxf7 5. Bc4+ d5 6. Bb3 c6 7. e5 Ng4 8.
d4 Qh4 9. Qf3+ Ke8 10. Bf4 Be7 11. Bg3 Qg5 12. O-O Be6 13. Qe2 Nd7 14. f4 Qg6
15. Nd2 h5 16. Nf3 h4 17. Be1 Nb6 18. c3 Bf5 19. Rd1 Kd7 20. Kh1 Be4 21. Kg1
Raf8 22. Qd2 Qh6 23. h3 Rxf4 24. hxg4 Rxg4 25. Qxh6 Rxh6 26. Kh2 g5 27. Bd2 Rg3
28. Rde1 Rh8 29. Rf2 g4 30. Ng1 Rd3 31. Bc2 g3+ 32. Kh1 gxf2 {Normal} 0-1

[Event "Rated Blitz game"]
[Site "?"]
[Date "2021.09.26"]
[Round "?"]
[White "mared2"]
[Black "addkimzy"]
[Result "0-1"]
[ECO "C42"]
[WhiteElo "2400"]
[BlackElo "2337"]
[PlyCount "88"]
[EventDate "2021.??.??"]
[EventType "blitz"]
[TimeControl "180"]

1. e4 e5 2. Nf3 Nf6 3. Nxe5 d6 4. Nxf7 Kxf7 5. d4 d5 6. e5 Ne4 7. Bd3 c5 8. c3
cxd4 9. cxd4 Bb4+ 10. Nd2 Nc6 11. Bxe4 dxe4 12. O-O Qxd4 13. Qe2 Bxd2 14. Bxd2
Qxe5 15. Bc3 Qf5 16. f3 Qc5+ 17. Kh1 e3 18. Rac1 Qe7 19. Qc4+ Qe6 20. Qf4+ Qf5
21. Qc7+ Bd7 22. Rfe1 Rhe8 23. Rcd1 Re7 24. Qxb7 Rb8 25. Qc7 Rc8 26. Qg3 Kg8
27. Rxe3 Rf7 28. Rde1 Qg6 29. Qh4 h6 30. b4 Rf5 31. a4 Rh5 32. Qf4 Rg5 33. R3e2
Rf8 34. Qc7 Bf5 35. b5 Bd3 36. Re6 Qh5 37. Qxc6 Rxg2 38. Kxg2 Qg5+ 39. Kf2 Qh4+
40. Kg2 Bf5 41. Re7 Bh3+ 42. Kg1 Qg5+ 43. Kf2 Qh4+ 44. Ke3 Qg5+ {Time forfeit}
0-1

[Event "Rated Blitz game"]
[Site "?"]
[Date "2021.09.26"]
[Round "?"]
[White "KingRAZOR"]
[Black "TheHumanMachine"]
[Result "1-0"]
[ECO "C42"]
[WhiteElo "2360"]
[BlackElo "2401"]
[PlyCount "47"]
[EventDate "2021.??.??"]
[EventType "blitz"]
[TimeControl "180"]

1. e4 e5 2. Nf3 Nf6 3. Nxe5 d6 4. Nxf7 Kxf7 5. Bc4+ d5 6. exd5 Bd6 7. O-O Bg4
8. f3 Bf5 9. d4 Nbd7 10. Bg5 Nb6 11. Bb3 h6 12. Bh4 g5 13. Bg3 Bxg3 14. hxg3
Kg6 15. g4 Bd7 16. Qd3+ Kg7 17. c4 h5 18. Qe3 Ng8 19. c5 Nc8 20. Nc3 hxg4 21.
fxg4 Bxg4 22. Qe5+ Kg6 23. Bc2+ Kh5 24. Qh2+ {Normal} 1-0

[Event "Rated Blitz game"]
[Site "?"]
[Date "2021.09.25"]
[Round "?"]
[White "Darmin_Dmitry"]
[Black "Parwis"]
[Result "0-1"]
[ECO "C42"]
[WhiteElo "2553"]
[BlackElo "2558"]
[PlyCount "46"]
[EventDate "2021.??.??"]
[EventType "blitz"]
[TimeControl "180"]

1. e4 e5 2. Nf3 Nf6 3. Nxe5 d6 4. Nxf7 Kxf7 5. d4 c5 6. Bc4+ d5 7. exd5 Bd6 8.
dxc5 Bxc5 9. O-O Bd6 10. Nc3 Bxh2+ 11. Kxh2 Qc7+ 12. d6+ Qxc4 13. Bg5 Nbd7 14.
Re1 Re8 15. Rxe8 Kxe8 16. Qe1+ Kf8 17. Qe7+ Kg8 18. Qd8+ Nf8 19. Bxf6 gxf6 20.
Re1 b6 21. d7 Bb7 22. Qxa8 Qc7+ 23. Kg1 Bxa8 {Normal} 0-1

[Event "Rated Blitz game"]
[Site "?"]
[Date "2021.09.25"]
[Round "?"]
[White "MoveAndThink"]
[Black "Queribus"]
[Result "1-0"]
[ECO "C42"]
[WhiteElo "2423"]
[BlackElo "2337"]
[PlyCount "89"]
[EventDate "2021.??.??"]
[EventType "blitz"]
[TimeControl "180"]

1. e4 e5 2. Nf3 Nf6 3. Nxe5 d6 4. Nxf7 Kxf7 5. Bc4+ Be6 6. Bxe6+ Kxe6 7. d4 Be7
8. O-O Rf8 9. c3 Kf7 10. Qb3+ d5 11. Qxb7 Nbd7 12. e5 Rb8 13. Qxa7 Ne8 14. f4
Kg8 15. f5 Nb6 16. Qa6 Bg5 17. Nd2 Bxd2 18. Bxd2 Nc4 19. Bc1 Nxb2 20. Qe2 Nc4
21. Qg4 Qd7 22. Bg5 Kh8 23. Rab1 Rxb1 24. Rxb1 h6 25. e6 Qd6 26. Bf4 Qa6 27.
Rb8 Qxa2 28. Qg6 Qa1+ 29. Kf2 Qa4 30. Bxh6 Qc2+ 31. Kg3 Qd3+ 32. Kh4 Qe4+ 33.
g4 Qe1+ 34. Kh3 Qxc3+ 35. Kh4 Qe1+ 36. Kh3 Qe3+ 37. Bxe3 Nxe3 38. Rxe8 Rxe8 39.
Qxe8+ Kh7 40. e7 Nd1 41. Qf7 Nf2+ 42. Kg2 Nxg4 43. e8=Q Ne3+ 44. Qxe3 c5 45.
Qh3# {Normal} 1-0

[Event "Rated Blitz game"]
[Site "?"]
[Date "2021.09.25"]
[Round "?"]
[White "M-P-M"]
[Black "SerafimKhahutsky"]
[Result "0-1"]
[ECO "C42"]
[WhiteElo "2384"]
[BlackElo "2414"]
[PlyCount "54"]
[EventDate "2021.??.??"]
[EventType "blitz"]
[TimeControl "180"]

1. e4 e5 2. Nf3 Nf6 3. Nxe5 d6 4. Nxf7 Kxf7 5. d4 Be7 6. Bc4+ d5 7. exd5 Bd6 8.
O-O Re8 9. Nc3 Kg8 10. h3 Kh8 11. Bg5 a6 12. Qf3 Nbd7 13. Rfe1 Rf8 14. Re6 Nb6
15. Bxf6 Rxf6 16. Rxf6 Qxf6 17. Qe2 Nxc4 18. Qxc4 Bf5 19. Ne2 Rf8 20. Rf1 Qg5
21. Kh1 Qh4 22. Qc3 Be4 23. f3 Bxd5 24. Qe3 Bc4 25. Rg1 Bxe2 26. Qxe2 Qg3 27.
f4 Bxf4 {Normal} 0-1

[Event "Rated Blitz game"]
[Site "?"]
[Date "2021.09.24"]
[Round "?"]
[White "oticMJ"]
[Black "Sinwa18"]
[Result "1-0"]
[ECO "C42"]
[WhiteElo "2307"]
[BlackElo "2408"]
[PlyCount "165"]
[EventDate "2021.??.??"]
[EventType "blitz"]
[TimeControl "180"]

1. e4 e5 2. Nf3 Nf6 3. Nxe5 d6 4. Nxf7 Kxf7 5. Nc3 c5 6. Bc4+ Be6 7. Qe2 Nc6 8.
Bxe6+ Kxe6 9. Qc4+ Kd7 10. f4 a6 11. O-O b5 12. Qe2 Qb6 13. Kh1 Be7 14. e5 dxe5
15. fxe5 Ne8 16. Nd5 Qd8 17. c3 Kc8 18. Nf4 Kb7 19. d4 cxd4 20. cxd4 Nxd4 21.
Qe4+ Nc6 22. Be3 Nc7 23. Rac1 Qe8 24. Bc5 Bxc5 25. Rxc5 Ne6 26. Nxe6 Qxe6 27.
Rfc1 Rac8 28. a4 b4 29. a5 Rhd8 30. h3 Rd4 31. Qxh7 Rcd8 32. Qxg7+ Ne7 33. Rc7+
Kb8 34. Qxe7 Rd1+ 35. Rxd1 Rxd1+ 36. Kh2 Qxe7 37. Rxe7 Rd2 38. Re6 Rxb2 39.
Rxa6 Kc7 40. Rb6 b3 41. h4 Rb1 42. h5 b2 43. h6 Re1 44. Rxb2 Rxe5 45. a6 Rh5+
46. Kg1 Rxh6 47. Ra2 Kb8 48. a7+ Ka8 49. g3 Rg6 50. Kg2 Rc6 51. g4 Rc3 52. g5
Rb3 53. Ra5 Rc3 54. g6 Rc6 55. Rg5 Rc8 56. Kf3 Kxa7 57. Kf4 Rf8+ 58. Ke5 Kb7
59. Ke6 Rf1 60. Ke7 Re1+ 61. Kf8 Rf1+ 62. Ke7 Rd1 63. Kf6 Re1 64. Rf5 Re8 65.
g7 Kc7 66. Kf7 Rd8 67. g8=Q Rd7+ 68. Kg6 Rd6+ 69. Rf6 Rd1 70. Qf7+ Kb8 71. Qg7
Rg1+ 72. Kf7 Rxg7+ 73. Kxg7 Kc7 74. Kg6 Kd7 75. Kf5 Ke7 76. Ke5 Kd7 77. Kd5 Ke7
78. Rf5 Kd7 79. Rf7+ Ke8 80. Ke6 Kd8 81. Kd6 Ke8 82. Rf6 Kd8 83. Rf8# {Normal}
1-0

[Event "Rated Blitz game"]
[Site "?"]
[Date "2021.09.24"]
[Round "?"]
[White "hadi5564"]
[Black "PerilousPawn"]
[Result "0-1"]
[ECO "C42"]
[WhiteElo "2375"]
[BlackElo "2416"]
[PlyCount "114"]
[EventDate "2021.??.??"]
[EventType "blitz"]
[TimeControl "300"]

1. e4 e5 2. Nf3 Nf6 3. Nxe5 d6 4. Nxf7 Kxf7 5. d4 c5 6. Bc4+ Be6 7. Bxe6+ Kxe6
8. O-O cxd4 9. f4 Nc6 10. e5 dxe5 11. fxe5 Nxe5 12. Bf4 Bd6 13. Qxd4 Qb6 14.
Qxb6 axb6 15. Nc3 Nc4 16. Bxd6 Nxd6 17. Rae1+ Kd7 18. Rd1 Kc7 19. a3 Rhe8 20.
Kf2 Nde4+ 21. Nxe4 Rxe4 22. h3 Rae8 23. Rfe1 Rxe1 24. Rxe1 Rxe1 25. Kxe1 Kd6
26. Kd2 Kd5 27. Kc3 Ne4+ 28. Kb4 Kc6 29. Kc4 Nf6 30. Kd4 Kd6 31. c4 Nh5 32. Ke4
Kc5 33. b3 Kd6 34. Kf5 Ng3+ 35. Kg4 Ne2 36. Kf3 Nd4+ 37. Ke4 Nxb3 38. g4 Nd2+
39. Kd3 Nb1 40. a4 Kc5 41. h4 Na3 42. g5 Nxc4 43. Ke4 Kd6 44. Kf5 Ke7 45. Ke4
Nb2 46. Kd4 Nxa4 47. Kc4 Ke6 48. Kb5 Kf5 49. Kxa4 Kg4 50. Kb5 Kxh4 51. Kxb6
Kxg5 52. Kxb7 Kg4 53. Kc6 g5 54. Kd5 h5 55. Ke4 Kg3 56. Ke3 g4 57. Ke2 Kg2 {
Normal} 0-1

[Event "Rated Blitz game"]
[Site "?"]
[Date "2021.09.24"]
[Round "?"]
[White "drawingchest"]
[Black "GRXbullet"]
[Result "1-0"]
[ECO "C42"]
[WhiteElo "2643"]
[BlackElo "2666"]
[PlyCount "59"]
[EventDate "2021.??.??"]
[EventType "blitz"]
[TimeControl "180"]

1. e4 e5 2. Nf3 Nf6 3. Nxe5 d6 4. Nxf7 Kxf7 5. d4 c6 6. Nc3 Be7 7. Bd3 Rf8 8.
e5 dxe5 9. dxe5 Ng4 10. h3 Nxe5 11. Qh5+ Ng6 12. Qxh7 Nh4 13. Qh5+ g6 14. Qh7+
Ke8 15. O-O Bf5 16. Re1 Bxd3 17. Bg5 Nf5 18. Rad1 Rf7 19. Qxg6 Kf8 20. Bxe7+
Nxe7 21. Qh6+ Ke8 22. Rxd3 Qa5 23. Rxe7+ Rxe7 24. Qg6+ Kf8 25. Qf6+ Ke8 26.
Qh8+ Kf7 27. Qh7+ Ke6 28. Qg6+ Ke5 29. g3 Nd7 30. f4# {Normal} 1-0

[Event "Rated Blitz game"]
[Site "?"]
[Date "2021.09.24"]
[Round "?"]
[White "ExRom"]
[Black "Oleggelo17"]
[Result "1-0"]
[ECO "C42"]
[WhiteElo "2431"]
[BlackElo "2445"]
[PlyCount "53"]
[EventDate "2021.??.??"]
[EventType "blitz"]
[TimeControl "180+2"]

1. e4 e5 2. Nf3 Nf6 3. Nxe5 d6 4. Nxf7 Kxf7 5. Nc3 c6 6. d4 Be7 7. Be2 Rf8 8.
Be3 Kg8 9. f3 Be6 10. Qd2 b5 11. g4 Bc4 12. g5 Nfd7 13. Bxc4+ bxc4 14. f4 Nb6
15. f5 d5 16. f6 gxf6 17. gxf6 Bxf6 18. O-O-O Kh8 19. e5 Bg7 20. Bh6 Rg8 21.
Rhg1 a5 22. Bxg7+ Rxg7 23. Rxg7 Kxg7 24. Rg1+ Kh8 25. Qh6 Ra7 26. Ne2 Qe7 27.
Nf4 {Normal} 1-0